 Dungeon Crawl Stone Soup version 0.29-a0-723-gce39da1c22 (webtiles) character file.

Game seed: 6846217041769541855

680 Shayle the Chiller (level 7, 0/66 HPs)
             Began as a Naga Ice Elementalist on June 28, 2022.
             Was an Initiate of Ashenzari.
             Slain by a water moccasin (2 damage)
             ... on level 5 of the Dungeon.
             The game lasted 00:16:27 (5245 turns).

Shayle the Chiller (Naga Ice Elementalist)          Turns: 5245, Time: 00:16:27

Health: 0/66       AC: 14    Str: 16    XL:     7   Next: 60%
Magic:  10/10      EV:  7    Int: 17    God:    Ashenzari [......]
Gold:   95         SH:  0    Dex: 12    Spells: 3/10 levels left

rFire   + . .      SeeInvis +   n - +0 dagger (venom)
rCold   . . .      Faith    .   (no shield)
rNeg    . . .      Spirit   .   j - +0 ring mail
rPois   +          Reflect  .   (no helmet)
rElec   .          Harm     .   u - +0 cloak {Will+}
rCorr   +          Rampage  .   (no gloves)
Will    +....                   f - +1 barding of Vehumet's Grace {rF+ rCorr}
Stlth   +.........              (no amulet)
HPRegen 0.21/turn               e - ring of Ashenzari's Seeker {AC+4, Bglg, Alch} (curse)
MPRegen 0.12/turn               h - +6 ring of strength

@: lethally poisoned (0 -> -4), attractive, very slow
A: AC +2, large, see invisible, deformed body, poison resistance, slowness 2,
spit poison 1, naga tail 1
a: Spit Poison, Renounce Religion, Shatter the Chains


You were on level 5 of the Dungeon.
You worshipped Ashenzari.
Ashenzari was noncommittal.
You visited 2 branches of the dungeon, and saw 6 of its levels.
You also visited: Sewer.

You collected 244 gold pieces.
You spent 149 gold pieces at shops.

Inventory:

Hand Weapons
 n - a +0 dagger of venom (weapon)
Missiles
 l - 7 poisoned darts
Armour
 a - a +0 robe
 f - the +1 barding of Vehumet's Grace (worn) {rF+ rCorr}
   (You acquired it on level 2 of the Dungeon)

   rF:        It protects you from fire.
   rCorr:     It protects you from acid and corrosion.
 j - a +0 ring mail (worn)
 u - a +0 cloak of willpower (worn)
Jewellery
 e - the cursed ring of Ashenzari's Seeker (left hand) {AC+4, Bglg, Alch}
   (You found it on level 4 of the Dungeon)

   [ring of protection]

   AC:        It affects your AC (+4).
   It has a curse which improves the following skills: Beguiling: Conjurations,
   Hexes and Translocations.
   Alchemy:   Poison Magic and Transmutations.
 h - a +6 ring of strength (right hand)
Wands
 o - a wand of flame (20)
Scrolls
 d - a scroll of fog
 k - 2 scrolls of blinking
 p - a scroll of fear
 t - a scroll of amnesia {unknown}
Potions
 b - a potion of magic
 c - 3 potions of flight
 g - a potion of attraction
 i - a potion of haste
 m - a potion of ambrosia {unknown}
 q - a potion of heal wounds {unknown}
 r - 2 potions of lignification
 s - a potion of berserk rage {unknown}


   Skills:
 + Level 4.3 Fighting
 + Level 4.1 Dodging
 - Level 3.0 Stealth
 - Level 2.0 Spellcasting
 + Level 0.1(0.2) Conjurations
 + Level 0.1(0.2) Transmutations
 + Level 6.1 Ice Magic
 + Level 0.3(0.5) Poison Magic


You had 3 spell levels left.
You knew the following spells:

 Your Spells              Type           Power      Damage    Failure   Level
a - Freeze                Ice            88%        1d10      3%          1
b - Frozen Ramparts       Ice            44%        1d6       9%          3
c - Ozocubu's Armour      Ice            22%        N/A       9%          3

Your spell library contained the following spells:

 Spells                   Type           Power      Damage    Failure   Level
 Magic Dart               Conj           8%         1d3       34%         1
 Searing Ray              Conj           4%         2d4       45%         2
 Hailstorm                Conj/Ice       12%        3d5       69%         4
 Metabolic Englaciation   Hex/Ice        6%         N/A       96%         5
 Fulminant Prism          Conj/Hex       1%         3d6       98%         4
 Petrify                  Tmut/Erth      2%         N/A       98%         4
 Statue Form              Tmut/Erth      1%         N/A       100%        6


Dungeon Overview and Level Annotations

Branches:
Dungeon (5/15)             Temple (1/1) D:4           Sewer (visited)

Altars:
Ashenzari
Cheibriados
Elyvilon
Gozag
Hepliaklqana
Kikubaaqudgha
Makhleb
Okawaru
Qazlal
Sif Muna
Trog
Uskayaw
Wu Jian
Xom
Zin
The Shining One

Shops:
D:2 [   D:4 !


Innate Abilities, Weirdness & Mutations

Your serpentine skin is tough. (AC +2)
You have supernaturally acute eyesight. (SInv)
Armour fits poorly on your strangely shaped body.
Your system is resistant to poisons. (rPois)
You cover ground very slowly.
You can spit poison.
You have a snake-like lower body.


Message History

The water moccasin bites you but does no damage.
You miss the water moccasin.
The water moccasin is heavily wounded.
You feel sick. The water moccasin bites you.
The water moccasin bites you but does no damage.
You hit the water moccasin but do no damage.
The water moccasin is heavily wounded.
You feel sick. The water moccasin bites you.
You are more poisoned.
The water moccasin poisons you!
You closely miss the water moccasin.
The water moccasin is heavily wounded.
You feel very sick. The water moccasin closely misses you.
The water moccasin bites you but does no damage.
You hit the water moccasin.
The water moccasin is severely wounded.
You feel very sick. The water moccasin bites you.
* * * LOW HITPOINT WARNING * * *
You closely miss the water moccasin.
The water moccasin is severely wounded.
You feel very sick. The water moccasin closely misses you.
You hit the water moccasin.
The water moccasin looks even sicker.
The water moccasin is severely wounded.
You feel very sick. The water moccasin bites you!
* * * LOW HITPOINT WARNING * * *
The water moccasin bites you but does no damage.
You barely miss the water moccasin.
The water moccasin is severely wounded.
* * * LOW HITPOINT WARNING * * *
You feel sick. The water moccasin barely misses you.
It was a potion of attraction.
You feel attractive to monsters.
* * * LOW HITPOINT WARNING * * *
You feel sick. The water moccasin barely misses you.
The water moccasin bites you.
You die...

#.# ∩ #.# #.#
##.### # ....# .#
#.#.# #####.##
#######.#.###......
.............<...
#####.S@#.####.##
).....###......#
#####. ###.##.# #.
#.##.# # #.##.#
#.##.#########
#.##..........
.......########.
#.#.#### #.


You could see a water moccasin (poisoned).

Vanquished Creatures
  Grinder (D:4)
  Pargi (Sewer)
  A hound (D:4)
  An orc priest (D:3)
  A jelly (D:4)
  Jessica (D:2)
  Terence (D:2)
  2 iguanas
  3 orc wizards (D:3)
  2 adders
  A worm (D:3)
  4 dart slugs
  6 orcs
  4 ball pythons
  11 bats
  4 endoplasms
  7 giant cockroaches
  9 hobgoblins
  6 jackals (D:3)
  8 quokkas
  3 frilled lizards
  7 goblins
  3 kobolds
  6 rats
93 creatures vanquished.

Notes
Turn   | Place    | Note
-------+----------+-------------------------------------------
     0 | D:1      | Shayle the Naga Ice Elementalist began the quest for the
                  | Orb.
     0 | D:1      | Reached XP level 1. HP: 15/15 MP: 3/3
   205 | D:1      | Reached XP level 2. HP: 24/24 MP: 5/5
   393 | D:1      | Reached skill level 1 in Fighting
   993 | D:2      | Reached XP level 3. HP: 31/31 MP: 4/6
  1154 | D:2      | Found a faded altar of an unknown god.
  1162 | D:2      | Noticed Jessica
  1167 | D:2      | Killed Jessica
  1168 | D:2      | Reached XP level 4. HP: 39/39 MP: 5/7
  1244 | D:2      | Found Kodug's Armour Emporium.
  1259 | D:2      | Learned a level 3 spell: Frozen Ramparts
  1263 | D:2      | Learned a level 3 spell: Ozocubu's Armour
  1637 | D:2      | Noticed Terence
  1649 | D:2      | Killed Terence
  1978 | D:2      | Identified a scroll of acquirement
  1978 | D:2      | Acquired the +1 barding of Vehumet's Grace {rF+ rCorr}
  2175 | D:3      | Reached XP level 5. HP: 26/46 MP: 8/8
  2387 | D:3      | Reached skill level 5 in Ice Magic
  2456 | D:3      | Reached XP level 6. HP: 26/56 MP: 9/9
  2511 | D:3      | Found a glowing drain.
  2534 | Sewer    | Entered a sewer
  2756 | Sewer    | Noticed Pargi
  2779 | Sewer    | Killed Pargi
  3593 | D:4      | Found a staircase to the Ecumenical Temple.
  3604 | Temple   | Entered the Ecumenical Temple
  3628 | Temple   | Became a worshipper of Ashenzari the Shackled
  3641 | D:4      | Found a burning altar of Makhleb.
  3870 | D:4      | Noticed Grinder
  3916 | D:4      | Paralysed by Grinder for 2 turns
  3930 | D:4      | Killed Grinder
  3931 | D:4      | Reached skill level 6 in Ice Magic
  3931 | D:4      | Reached XP level 7. HP: 27/64 MP: 7/10
  4694 | D:4      | Found Jedinige's Distillery.
  4827 | D:2      | Bought a +0 cloak of willpower for 149 gold pieces
  5182 | D:5      | Entered Level 5 of the Dungeon
  5245 | D:5      | HP: 2/66 [poisoned by a water moccasin]
  5245 | D:5      | Slain by a water moccasin

Illustrated notes

Levels and vault maps discovered:
D:1:      minmay_arrival_four_loops, layout_rooms
D:2:      layout_loops_ring, serial_shops, nicolae_shop_trees,
          basic_ecumenical_altar, grunt_ministairs_9,
          hangedman_decor_clover_reticule, uniq_jessica, uniq_terence
D:3:      layout_loops_ring, gup_sewer_entry_pipe
D:4:      layout_gridville, bloody_makhleb, temple_fountains, serial_shops,
          nicolae_shop_waterfront, minmay_misc_feat_enclosed,
          chequers_serial_rivers_micro_b, uniq_grinder
D:5:      minmay_spotlight, layout_loops_ring, enter_ossuary_2
Temple:   grunt_wide_crystal_templ

Skill      XL: |  1  2  3  4  5  6 |
---------------+-------------------+-----
Fighting       | 1 2 3 4 |  4.3
Dodging        | 2 3 4 |  4.1
Ice Magic      | 5 6 |  6.1
Stealth        | |  3.0
Spellcasting   | |  2.0
Conjurations   | |  0.1
Transmutations | |  0.1
Poison Magic   | |  0.3

Action                   |  1- 3 |  4- 6 |  7- 9 || total
-------------------------+-------+-------+-------++-------
Melee: Unarmed           |     9 |       |       ||     9
       Dagger            |       |   195 |    60 ||   255
       Punch             |       |     2 |       ||     2
 Cast: Freeze            |    16 |    20 |       ||    36
       Frozen Ramparts   |       |     7 |       ||     7
       Ozocubu's Armour  |       |     2 |       ||     2
Invok: Curse Item        |       |       |     1 ||     1
 Abil: Spit Poison       |    22 |     3 |       ||    25
  Use: Scroll            |       |    10 |     1 ||    11
       Potion            |       |     3 |     1 ||     4
 Stab: Sleeping          |       |     2 |     1 ||     3
Armor: Robe              |     1 |       |       ||     1
       Ring mail         |     6 |   126 |    38 ||   170
       Skin              |       |    11 |       ||    11
Dodge: Dodged            |    17 |    51 |    18 ||    86

Table legend: (Time is in decaauts)
 A = Elapsed time spent in this place.
 B = Non-inter-level travel time spent in this place.
 C = Inter-level travel time spent in this place.
 D = Time resting spent in this place.
 E = Time spent auto-exploring this place.
 F = Levels seen in this place.
 G = Mean time per level.
                   A        B        C        D        E       F      G
               +--------+--------+--------+--------+--------+-----+--------+
         Total |   6427 |   6033 |    394 |   1111 |   3552 |   7 |  918.1 |
       Dungeon |   6024 |   5643 |    381 |    895 |   3507 |   5 | 1204.8 |
        Temple |     46 |     34 |     12 |      0 |     15 |   1 |   46.0 |
         Sewer |    356 |    356 |      0 |    216 |     30 |   1 |  356.0 |
               +--------+--------+--------+--------+--------+-----+--------+

Top non-repeatable levels by time:
     D:4: 1838 daAuts
     D:3: 1525 daAuts
     D:2: 1406 daAuts
     D:1: 1175 daAuts
   Sewer: 356 daAuts
     D:5: 78 daAuts
  Temple: 46 daAuts
